 Dungeon Sprint DCSS version 0.27-a0-1291-geefcff550b (webtiles) character file.

Game seed: 16688782604728142459

8394 mhtbhm the Brawler (level 11, -16/113 HPs)
             Began as a Troll Berserker on June 15, 2021.
             Was a High Priest of Trog.
             Shot with an arrow by a spriggan rider (26 damage)
             ... in the Dungeon (Sprint IV: "Fedhas' Mad Dash").
             The game lasted 00:04:01 (3253 turns).

mhtbhm the Brawler (Troll Berserker)                Turns: 3253, Time: 00:04:03

Health: -16/113    AC:  6    Str: 30    XL:     11   Next: 9%
Magic:  10/10      EV: 12    Int:  3    God:    Trog [*****.]
Gold:   39         SH:  0    Dex:  9    Spells: 10/10 levels left

rFire    . . .     SeeInvis .     - Unarmed
rCold    . . .     Faith    .   (no shield)
rNeg     . . .     Spirit   .   a - +0 animal skin
rPois    .         Reflect  .   (helmet restricted)
rElec    .         Harm     .   b - +1 cloak {rCorr}
rCorr    +         Rampage  .   (gloves unavailable)
Will     ++...     NoTele   +   (boots unavailable)
Stlth    +++.......             i - amulet of invisibility {+Inv}
HPRegen  1.28/turn              l - ring of Heedafya {Fly Will++ Slay+2}
MPRegen  0.12/turn              (no ring)

@: flying
A: large, unfitting armour, claws 3, regeneration 1, shaggy fur 1, tough skin 1
a: Renounce Religion, Evoke Invisibility, Berserk, Trog's Hand, Brothers in Arms


You were in the Dungeon.
You worshipped Trog.
Trog was extremely pleased with you.
You visited 1 branch You collected 253 gold pieces.
You spent 214 gold pieces at shops.

Inventory:

Armour
 a - a +0 animal skin (worn)
 b - a +1 cloak of preservation (worn)
Jewellery
 i - the amulet of invisibility (around neck) {+Inv}
   (You found it in the Dungeon)

   [amulet of nothing]

   It lets you turn invisible.
 l - the ring of Heedafya (left claw) {Fly Will++ Slay+2}
   (You found it in the Dungeon)

   [ring of flight]

   It affects your accuracy and damage with ranged weapons and melee attacks
   (+2).
   It grants you flight.
   It greatly increases your willpower.
Scrolls
 j - a scroll of identify {unknown}
 k - a scroll of fear {unknown}
 n - a scroll of immolation {unknown}
 o - a scroll of enchant weapon {unknown}
 p - a scroll of torment {unknown}
Potions
 d - a potion of haste
 e - 2 potions of magic
 f - a potion of berserk rage
 h - a potion of degeneration {unknown}
 m - a potion of attraction {unknown}


   Skills:
 + Level 8.3 Fighting
 + Level 9.5 Dodging
 + Level 6.8 Stealth
 + Level 16.8 Unarmed Combat
 + Level 8.8 Evocations


You had 10 spell levels left.
You didn't know any spells.
Your spell library was empty.

Dungeon Overview and Level Annotations

Branches:
Dungeon (1/1)

Altars:
Cheibriados
Dithmenos
Elyvilon
Gozag
Hepliaklqana
Kikubaaqudgha
Makhleb
Nemelex Xobeh
Okawaru
Qazlal
Ru
Sif Muna
Trog
Uskayaw
Vehumet
Wu Jian
Xom
Yredelemnul
Zin
The Shining One
Beogh
Jiyva
Lugonu

Shops:
D ?[(=[*:(


Innate Abilities, Weirdness & Mutations

You are too large for most types of armour.
You have claws for hands.
Your natural rate of healing is unusually fast.
You are covered in fur. (AC +1)
You have tough skin. (AC +1)


Message History

Unknown command.
Okay, then.
You feel much better.
The spriggan rider shoots an arrow.
The arrow pierces through the bush!
The arrow pierces through you!
* * * LOW HITPOINT WARNING * * *
You are electrocuted!
* * * LOW HITPOINT WARNING * * *
Blink to where?
Press: ? - help, Dir - move target
As you read the scroll of blinking, it crumbles to dust.
Things that are here:
a +0 quarterstaff; a +0 animal skin You see here a +3 vorpal great sword.
There is an open door here.
Things that are here:
a +1 vampiric lajatang; a +0 robe You start resting.
A spriggan rider is nearby!
A spriggan rider is nearby!
Unknown command.
The spriggan rider wields the +8 storm bow {elec, penet}.
You hear the crackle of electricity.
The spriggan rider shoots an arrow.
The arrow pierces through you!!!
* * * LOW HITPOINT WARNING * * *
You are electrocuted!!
* * * LOW HITPOINT WARNING * * *
Unknown command.
Okay, then.
Your troll goes berserk!
The spriggan rider unwields the +8 storm bow {elec, penet}.
It stops crackling.
The spriggan rider closely misses your troll.
Your troll barely misses the spriggan rider.
Your troll closely misses the spriggan rider.
Your troll claws the spriggan rider.
The spriggan rider wields the +8 storm bow {elec, penet}.
You hear the crackle of electricity.
The spriggan rider shoots an arrow.
The arrow barely misses your troll. The arrow pierces through you!!
You die...

#################################
.#.⌠._._._._.⌠.#.))...#....##∩##)
.'.._._._._._..'..#...#....')|##'
.#..._._._._...#..###'##..[##∩#..
##.._._._._._..#.(##∩∩.'...#####.
.#._._._._._.⌠.#################.
.###################......###)...
##♣♣♣♣♣..♣(###.'@)'.......'.))).♣
'......♣..♣##:.#.)#.P.....#######
#♣..♣♣♣.♣).###)##T##.P....#
#.♣♣..♣...♣'...#♣i♣########
################)....#### .....
###.)♣..♣....###
....P.#####...♣......♣...♣###
...iP..........♣....)∩.∩...)#
....P...#####################


You could see a spriggan rider (ally target) and a friendly troll (summoned,
berserk).

Vanquished Creatures
  Agnes (D)
  A spriggan defender (D)
  A spriggan berserker (D)
  A spriggan druid (D)
  6 oklob plants (D)
  A demonic crawler (D)
  3 burning bushes (D)
  A hornet (D)
  A queen bee (D)
  3 wandering mushrooms (D)
  3 scorpions (D)
  4 killer bees (D)
  5 oklob saplings (D)
  5 spriggans (D)
  A river rat (D)
  A rat (D)
38 creatures vanquished.

Vanquished Creatures (others)
  A ballistomycete spore (D)
  A bush (D)
  A fungus (D)
3 creatures vanquished.

Grand Total: 41 creatures vanquished

Notes
Turn   | Place    | Note
-------+----------+-------------------------------------------
     0 | D        | mhtbhm the Troll Berserker began the quest for the Orb.
     0 | D        | Reached XP level 1. HP: 22/22 MP: 0/0
    13 | D        | Reached XP level 2. HP: 31/31 MP: 1/1
    66 | D        | Noticed an oklob sapling
    67 | D        | Killed an oklob sapling
    67 | D        | Reached ** piety under Trog
    68 | D        | Reached skill level 4 in Unarmed Combat
    68 | D        | Reached XP level 3. HP: 39/39 MP: 2/2
   211 | D        | Noticed a scorpion
   212 | D        | Found the amulet of invisibility {+Inv}
   214 | D        | Killed a scorpion
   215 | D        | Reached skill level 5 in Unarmed Combat
   215 | D        | Reached XP level 4. HP: 49/49 MP: 3/3
   256 | D        | Found an opulent altar of Gozag.
   256 | D        | Found a hazy altar of Hepliaklqana.
   256 | D        | Found a burning altar of Makhleb.
   256 | D        | Found a sparkling altar of Nemelex Xobeh.
   256 | D        | Found a snail-covered altar of Cheibriados.
   256 | D        | Found a sacrificial altar of Ru.
   256 | D        | Found a shimmering blue altar of Sif Muna.
   256 | D        | Found a shimmering altar of Xom.
   256 | D        | Found a basalt altar of Yredelemnul.
   257 | D        | Found a viscous altar of Jiyva.
   257 | D        | Found a bloodstained altar of Trog.
   257 | D        | Found an ornate altar of the Wu Jian Council.
   258 | D        | Found an iron altar of Okawaru.
   258 | D        | Found a shadowy altar of Dithmenos.
   258 | D        | Found a glowing silver altar of Zin.
   485 | D        | Found an ancient bone altar of Kikubaaqudgha.
   485 | D        | Found a hide-covered altar of Uskayaw.
   486 | D        | Found a stormy altar of Qazlal.
   486 | D        | Found a white marble altar of Elyvilon.
   486 | D        | Found a glowing golden altar of the Shining One.
   487 | D        | Found a corrupted altar of Lugonu.
   487 | D        | Found a radiant altar of Vehumet.
   493 | D        | Reached skill level 5 in Fighting
   493 | D        | Reached skill level 5 in Dodging
   493 | D        | Reached skill level 6 in Unarmed Combat
   493 | D        | Reached XP level 5. HP: 57/57 MP: 1/4
   632 | D        | Reached *** piety under Trog
   633 | D        | Reached skill level 7 in Unarmed Combat
   783 | D        | Reached skill level 1 in Evocations
   786 | D        | Reached skill level 8 in Unarmed Combat
   786 | D        | Reached XP level 6. HP: 67/67 MP: 2/5
   827 | D        | Found Beosokozit's Antique Armour Shop.
   827 | D        | Found Noahuc's Magic Scroll Emporium.
   879 | D        | Reached **** piety under Trog
  1022 | D        | Noticed a queen bee
  1029 | D        | Reached skill level 1 in Stealth
  1033 | D        | Killed a queen bee
  1034 | D        | Reached skill level 9 in Unarmed Combat
  1034 | D        | Reached XP level 7. HP: 76/76 MP: 4/6
  1083 | D        | Noticed an oklob plant
  1090 | D        | Killed an oklob plant
  1090 | D        | Reached ***** piety under Trog
  1091 | D        | Reached skill level 10 in Unarmed Combat
  1091 | D        | Reached XP level 8. HP: 87/87 MP: 4/7
  1141 | D        | Noticed a burning bush
  1148 | D        | Killed a burning bush
  1149 | D        | Reached skill level 11 in Unarmed Combat
  1153 | D        | Identified the ring of Heedafya {Fly Will++ Slay+2}
  1188 | D        | Noticed a burning bush
  1188 | D        | Noticed an oklob plant
  1189 | D        | Noticed a wandering mushroom
  1191 | D        | Killed a burning bush
  1192 | D        | Reached skill level 5 in Evocations
  1199 | D        | Killed an oklob plant
  1200 | D        | Reached skill level 12 in Unarmed Combat
  1211 | D        | Reached XP level 9. HP: 56/93 MP: 8/8
  1350 | D        | Noticed a spriggan druid
  1358 | D        | Killed a spriggan druid
  1359 | D        | Reached skill level 5 in Stealth
  1359 | D        | Reached skill level 13 in Unarmed Combat
  1507 | D        | Noticed an oklob plant conjurer
  1510 | D        | Killed an oklob plant conjurer
  1510 | D        | Reached ****** piety under Trog
  1510 | D        | Received a gift from Trog
  1675 | D        | Noticed an oklob plant
  1675 | D        | Noticed an oklob plant summoner
  1676 | D        | Noticed an oklob plant shifter
  1685 | D        | Killed an oklob plant
  1688 | D        | Killed an oklob plant summoner
  1693 | D        | Killed an oklob plant shifter
  1694 | D        | Reached skill level 14 in Unarmed Combat
  1739 | D        | Noticed a demonic crawler
  1742 | D        | Killed a demonic crawler
  1743 | D        | Reached XP level 10. HP: 89/102 MP: 9/9
  1856 | D        | Noticed a spriggan rider
  1858 | D        | Found Xyuchowu's Book Emporium.
  1865 | D        | Identified the +10 lajatang "Asicux" {vorpal, Str+2} (Trog
                  | gifted it to you in the Dungeon)
  1865 | D        | Received a gift from Trog
  1869 | D        | Killed a spriggan rider
  1870 | D        | Reached skill level 15 in Unarmed Combat
  1959 | D        | Found Ogaaqolo's Antique Weapon Shoppe.
  2706 | D        | Found Biago's General Store.
  2706 | D        | Found Yrulez's Armour Shoppe.
  2715 | D        | Bought a +1 cloak of preservation for 214 gold pieces
  2835 | D        | Noticed Agnes
  2844 | D        | Killed Agnes
  2845 | D        | Reached skill level 16 in Unarmed Combat
  2993 | D        | Found Egucan's Weapon Emporium.
  2993 | D        | Noticed a spriggan berserker
  2997 | D        | Noticed an elephant
  3000 | D        | Killed a spriggan berserker
  3000 | D        | Received a gift from Trog
  3142 | D        | Found Ukuinumo's Jewellery Shoppe.
  3148 | D        | Noticed a spriggan defender
  3158 | D        | Killed a spriggan defender
  3159 | D        | Reached XP level 11. HP: 109/113 MP: 10/10
  3210 | D        | Noticed a spriggan rider
  3253 | D        | Shot with an arrow by a spriggan rider

Illustrated notes

Levels and vault maps discovered:
D:        dungeon_sprint_fedhas [sprint_temple]

Skill      XL: |  1  2  3  4  5  6  7  8  9 10 |
---------------+-------------------------------+-----
Fighting       | 3 4 5 6 7 8 |  8.3
Dodging        | 3 4 5 6 7 8 9 |  9.5
Unarmed Combat | 4 5 6 8 9 10 12 14 16 | 16.8
Evocations     | 1 3 4 6 7 8 |  8.8
Stealth        | 2 3 4 5 6 |  6.8

Action                   |  1- 3 |  4- 6 |  7- 9 | 10-12 || total
-------------------------+-------+-------+-------+-------++-------
Melee: Unarmed           |     7 |    19 |    49 |    39 ||   114
       Punch             |       |       |     3 |     3 ||     6
Invok: Berserk           |     3 |     4 |     6 |     7 ||    20
       Brothers in Arms  |       |       |       |     2 ||     2
 Abil: Evoke Invisibilit |       |     4 |     3 |       ||     7
  Use: Potion            |       |       |       |     2 ||     2
       Scroll            |       |       |       |     1 ||     1
 Stab: Invisible         |       |     5 |       |       ||     5
       Sleeping          |       |     1 |     2 |       ||     3
Armor: Animal skin       |       |     1 |     2 |     4 ||     7
Dodge: Dodged            |     3 |    10 |    15 |    21 ||    49

Table legend: (Time is in decaauts)
 A = Elapsed time spent in this place.
 B = Non-inter-level travel time spent in this place.
 C = Inter-level travel time spent in this place.
 D = Time resting spent in this place.
 E = Time spent auto-exploring this place.
 F = Levels seen in this place.
 G = Mean time per level.
                   A        B        C        D        E       F      G
               +--------+--------+--------+--------+--------+-----+--------+
         Total |   3421 |   3356 |     65 |   2726 |     79 |   1 | 3421.0 |
       Dungeon |   3421 |   3356 |     65 |   2726 |     79 |   1 | 3421.0 |
               +--------+--------+--------+--------+--------+-----+--------+

Top non-repeatable levels by time:
       D: 3421 daAuts
